 Dungeon Crawl Stone Soup version 0.31-a0-256-g80acddb972 (webtiles) character file.

Game seed: 12301801089220467167

186 qw the Shooter (level 5, -2/45 HPs)
             Began as a Minotaur Hexslinger on July 12, 2023.
             Slain by a gnoll
             ... wielding a +0 spear
             ... led by a gnoll sergeant
              (8 damage)
             ... on level 4 of the Dungeon.
             The game lasted 00:00:57 (2171 turns).

qw the Shooter (Minotaur Hexslinger)                Turns: 2171, Time: 00:00:58

Health: -2/45      AC:  8    Str: 12    XL:     5   Next: 38%
Magic:  5/5        EV: 16    Int: 10    God:
Gold:   72         SH:  0    Dex: 15    Spells: 5/6 levels left

rFire   . . .        Y - +1 orcbow
rCold   + . .        (shield currently unavailable)
rNeg    . . .        f - +0 ring mail
rPois   .            (helmet restricted)
rElec   .            j - +2 cloak
rCorr   .            (no gloves)
SInv    .            (no boots)
Will    .....        m - amulet of the acrobat
Stlth   +            d - ring of protection from cold
HPRegen 0.27/turn    b - +5 ring of evasion
MPRegen 0.09/turn

%: acrobat
@: no status effects
A: horns 2, retaliatory headbutt
a: no special abilities


You were on level 4 of the Dungeon.
You visited 1 branch of the dungeon, and saw 4 of its levels.

You collected 96 gold pieces.
You spent 24 gold pieces at shops.


Innate Abilities, Weirdness & Mutations

You have a pair of horns on your head.
You reflexively headbutt those who attack you in melee.


   Skills:
 - Level 3.0 Fighting
 + Level 5.4 Ranged Weapons
 - Level 1.3 Armour
 - Level 2.1 Dodging
 - Level 1.0 Spellcasting
 - Level 2.0 Hexes


You had 5 spell levels left.
You knew the following spells:

 Your Spells              Type           Power      Damage    Failure   Level
a - Slow                  Hex            16%        N/A       32%         1

Your spell library contained the following spells:

 Spells                   Type           Power      Damage    Failure   Level
 Inner Flame              Hex/Fire       2%         N/A       83%         3
 Portal Projectile        Hex/Tloc       4%         N/A       83%         3
 Cause Fear               Hex            2%         N/A       97%         4

Inventory:

Hand Weapons
 Y - a +1 orcbow (weapon)
Armour
 f - a +0 ring mail (worn)
 j - a +2 cloak (worn)
Jewellery
 b - a +5 ring of evasion (right hand)
 d - a ring of protection from cold (left hand)
 m - an amulet of the acrobat (around neck)
Scrolls
 a - a scroll of teleportation {unknown}
 k - a scroll of identify
Potions
 c - a potion of curing
 e - a potion of enlightenment
 g - a potion of resistance {unknown}
 h - 2 potions of haste
 i - a potion of might
 n - a potion of mutation {unknown}

Dungeon Overview and Level Annotations

Branches:
Dungeon (4/15)
 Temple: D:4-7

Altars:
Zin

Shops:
D:2 **((


Message History

The gnoll barely misses you. You furiously retaliate!
You headbutt the gnoll! The gnoll sergeant barely misses you.
You shoot an arrow. The arrow closely misses the gnoll.
The arrow hits the gnoll sergeant.
The gnoll sergeant is heavily wounded.
The gnoll hits you but does no damage.
The gnoll sergeant hits you from afar with a +0 spear!
You shoot an arrow. The arrow hits the gnoll!
You kill the gnoll!
The gnoll completely misses you. The gnoll closely misses you.
The gnoll sergeant closely misses you. The gnoll barely misses you.
The gnoll sergeant completely misses you.
The gnoll misses you. The gnoll closely misses you. You furiously retaliate!
You headbutt the gnoll! You shoot an arrow. The arrow hits the gnoll!
You kill the gnoll!
The gnoll barely misses you.
The gnoll hits you from afar with a +0 spear.
The gnoll sergeant hits you but does no damage.
You shoot an arrow. The arrow hits the gnoll!
You kill the gnoll!
The sky beast hits you but does no damage.
The gnoll closely misses you.
The gnoll sergeant hits you but does no damage.
You shoot an arrow. The arrow barely misses the sky beast.
The sky beast barely misses you.
The gnoll hits you from afar with a +0 spear.
The gnoll sergeant hits you from afar with a +0 spear.
The gnoll misses you.
The gnoll sergeant hits you from afar with a +0 spear.
The sky beast hits you. The sky beast shocks you.
You shoot an arrow. The arrow hits the sky beast!
The sky beast is moderately wounded.
The sky beast hits you. The sky beast shocks you.
The gnoll hits you from afar with a +0 spear.
The gnoll sergeant hits you from afar with a +0 spear.
You shoot an arrow. The arrow closely misses the sky beast.
The sky beast closely misses you.
The gnoll hits you from afar with a +0 spear!
You die...

#.#.##..#####.
#.#.##.)...##..
#.#.#.......... #
#......##....##
#.#.#.##.........
#...#.####.......
#......## g......
....##....##Yg.....
## ##....@)g.....
#...###...... #...#
..... ...... ....
......... ...
....)..... $#
....%...... .
...........


You could see a sky beast, a gnoll sergeant, a gnoll and a goblin.

Vanquished Creatures
  An orc wizard (D:4)
  4 gnolls
  3 adders
  An ufetubus (D:3)
  2 worms (D:2)
  3 dart slugs
  3 orcs (D:3)
  6 ball pythons
  A bat (D:1)
  10 endoplasms
  3 giant cockroaches
  5 hobgoblins
  11 jackals (D:1)
  3 quokkas
  2 frilled lizards
  6 goblins
  6 kobolds
  2 rats (D:1)
72 creatures vanquished.

Notes
Turn   | Place    | Note
-------+----------+-------------------------------------------
     0 | D:1      | qw the Minotaur Hexslinger began the quest for the Orb.
     0 | D:1      | Reached XP level 1. HP: 16/16 MP: 1/1
     0 | D:1      | 0 ||| qw: Version: 0.3-a-52-g30416fa
     0 | D:1      | 0 ||| qw: Game counter: 6761
     0 | D:1      | 0 ||| qw: Melee chars always use a shield: true
     0 | D:1      | 0 ||| qw: God list: Okawaru
     0 | D:1      | 0 ||| qw: Allow faded altars: false
     0 | D:1      | 0 ||| qw: Do Orc after clearing Dungeon:15 true
     0 | D:1      | 0 ||| qw: Do second Lair branch before Depths: true
     0 | D:1      | 0 ||| qw: Lair rune preference: random
     0 | D:1      | 0 ||| qw: Goals: Normal
     0 | D:1      | 0 ||| PLANNING D:1-11
    57 | D:1      | Reached skill level 3 in Ranged Weapons
    57 | D:1      | Reached XP level 2. HP: 18/23 MP: 2/2
   147 | D:1      | 147 ||| FLEEEEING.
   148 | D:1      | 148 ||| FLEEEEING.
   149 | D:1      | 149 ||| FLEEEEING.
   152 | D:1      | 152 ||| FLEEEEING.
   154 | D:1      | 154 ||| FLEEEEING.
   155 | D:1      | 155 ||| FLEEEEING.
   232 | D:1      | 232 ||| Stepping ~*~*~tactically~*~*~ (outnumbered).
   355 | D:1      | HP: 5/24 [frozen (5)]
   357 | D:1      | Reached XP level 3. HP: 7/29 MP: 3/3
   816 | D:1      | 816 ||| UPGRADING to +1 cloak.
   821 | D:1      | 821 ||| UPGRADING to +0 ring mail.
   831 | D:1      | 831 ||| DROPPING +0 robe.
   832 | D:1      | 832 ||| UPGRADING to +2 cloak.
   842 | D:1      | 842 ||| DROPPING +1 cloak.
   843 | D:1      | 843 ||| UPGRADING to ring of protection from cold.
   844 | D:1      | 844 ||| READING scroll labelled VUMNED GANOS.
   845 | D:1      | 845 ||| DROPPING scroll of poison.
   882 | D:2      | Found Hoaseofa's Antique Weapon Shop.
   888 | D:2      | Found Tykace Anur's General Store.
   923 | D:2      | Reached skill level 4 in Ranged Weapons
   965 | D:2      | Reached skill level 1 in Armour
   983 | D:2      | Found Zoenwo's Weapon Shoppe.
  1175 | D:2      | Found Plog's Assorted Antiques.
  1184 | D:2      | 1184 ||| SHOPLISTING scroll of identify (58 gold, have 56).
  1184 | D:2      | 1184 ||| SHOPLISTING smoking ring mail (261 gold, have 56).
  1184 | D:2      | Found a glowing silver altar of Zin.
  1209 | D:2      | Reached XP level 4. HP: 36/36 MP: 4/4
  1242 | D:2      | 1242 ||| SHOPLISTING +2 robe (152 gold, have 56).
  1242 | D:2      | 1242 ||| BUYING scroll of identify (24 gold).
  1242 | D:2      | Bought a scroll of identify for 24 gold pieces
  1291 | D:2      | 1291 ||| SWAPPING to +0 orcbow.
  1292 | D:2      | 1292 ||| DROPPING +1 sling.
  1478 | D:2      | 1478 ||| UPGRADING to amulet of the acrobat.
  1483 | D:2      | 1483 ||| READING scroll labelled GESKEAFFURER.
  1484 | D:2      | 1484 ||| READING scroll labelled DIFIZE TYSIDD.
  1485 | D:2      | 1485 ||| DRINKING 2 sapphire potions.
  1486 | D:2      | 1486 ||| DRINKING 2 emerald potions.
  1487 | D:2      | 1487 ||| DRINKING 2 blue potions.
  1488 | D:2      | 1488 ||| DRINKING 2 fizzy yellow potions.
  1593 | D:2      | 1593 ||| READING 4 scrolls of identify.
  1593 | D:2      | 1593 ||| IDENTIFYING metallic purple potion
  1594 | D:2      | 1594 ||| READING 3 scrolls of identify.
  1594 | D:2      | 1594 ||| IDENTIFYING fizzy brown potion
  1595 | D:2      | 1595 ||| READING 2 scrolls of identify.
  1595 | D:2      | 1595 ||| IDENTIFYING ruby potion
  1596 | D:2      | 1596 ||| DROPPING potion of lignification.
  1597 | D:2      | 1597 ||| DROPPING potion of berserk rage.
  1606 | D:3      | Found a faded altar of an unknown god.
  1970 | D:3      | 1970 ||| UPGRADING to +5 ring of evasion.
  1971 | D:3      | 1971 ||| READING scroll labelled LAXOTH BENIGA.
  1972 | D:3      | 1972 ||| READING scroll labelled HER AH GOU.
  1995 | D:4      | 1995 ||| STAIRDANCE
  1997 | D:3      | HP: 1/36 [orc/+2 dagger of electrocution (12)]
  1998 | D:3      | 1998 ||| DRINKING potion of heal wounds.
  2054 | D:4      | 2054 ||| STAIRDANCE
  2057 | D:3      | Reached skill level 5 in Ranged Weapons
  2123 | D:4      | Reached skill level 3 in Fighting
  2123 | D:4      | Reached XP level 5. HP: 45/45 MP: 5/5
  2161 | D:4      | Noticed a sky beast
  2170 | D:4      | HP: 9/45 [sky beast (5)]
  2171 | D:4      | Slain by a gnoll

Levels and vault maps discovered:
D:1:      amcnicky_arrival_underground_garden, layout_basic
D:2:      layout_loops_ring, serial_shops, nicolae_shop_peninsula,
          nicolae_shop_waterfront, shop, shop, basic_altar
D:3:      layout_rooms, hellmonk_ecumenical_altar_run_dry
D:4:      layout_rooms, led_xom_imps

Skill      XL: |  1  2  3  4 |
---------------+-------------+-----
Ranged Weapons | 3 4 5 |  5.4
Fighting       | 2 3 |  3.0
Armour         | 1 |  1.3
Dodging        | |  2.1
Spellcasting   | |  1.0
Hexes          | |  2.0

Action                     |  1- 3 |  4- 6 || total
---------------------------+-------+-------++-------
   Fire: Sling             |   140 |       ||   140
         Orcbow            |       |    64 ||    64
    Use: Scroll            |     1 |     7 ||     8
         Potion            |       |     5 ||     5
 Armour: Robe              |    18 |       ||    18
         Ring mail         |    15 |    17 ||    32
  Dodge: Dodged            |    56 |    38 ||    94

Table legend:
 A = Non-vault XP
 B = Vault XP
 C = Vault XP percentage of total XP
 D = Non-vault monster count
 E = Vault monster count
 F = Vault count percentage of total count
                 A         B        C        D         E       F
            +---------+---------+-------+---------+---------+-------
      Total |     267 |       0 |   0.0 |      72 |       0 |   0.0
            +---------+---------+-------+---------+---------+-------
        D:1 |      57 |       0 |   0.0 |      33 |       0 |   0.0
        D:2 |      42 |       0 |   0.0 |      12 |       0 |   0.0
        D:3 |      80 |       0 |   0.0 |      18 |       0 |   0.0
        D:4 |      88 |       0 |   0.0 |       9 |       0 |   0.0
            +---------+---------+-------+---------+---------+-------
